 Seeded DCSS version 0.29.1-1-gd02db6906a (webtiles) character file.

Game seed: 1 (custom seed)

48137 Kazon the Carver (level 14, -2/77 HPs)
             Began as a Vine Stalker Fighter on Oct 17, 2022.
             Was a High Priest of Makhleb.
             Slain by Nessos (3 damage)
             ... on level 12 of the Dungeon.
             The game lasted 01:31:27 (14575 turns).

Kazon the Carver (Vine Stalker Fighter)            Turns: 14575, Time: 01:31:28

Health: -2/77      AC: 11    Str: 26    XL:     14   Next: 45%
Magic:  0/20       EV: 16    Int:  8    God:    Makhleb [*****.]
Gold:   355        SH:  0    Dex: 24    Spells: 13/13 levels left

rFire   + + +      SeeInvis .   a - +2 Maxwell's thermic engine {flame, freeze}
rCold   + + .      Faith    .   S - orb {mayhem}
rNeg    . . .      Spirit   +   F - +3 leather armour {rC+}
rPois   +          Reflect  .   l - +0 helmet
rElec   .          Harm     .   R - scarf {rC+ rF+}
rCorr   .          Rampage  .   (no gloves)
Will    +....                   n - +2 pair of boots
Stlth   +++++.....              W - amulet "Odemouw" {Contam rPois rF+++ Regen+ Stlth+}
HPRegen 1.82/turn               t - ring of Bubyake {rPois Str+6}
MPRegen 0.17/turn               I - +6 ring of dexterity

@: lethally poisoned (-2 -> -2)
A: fangs 3, regeneration 1, magic shield, antimagic bite, no potion heal 2
a: Renounce Religion, Minor Destruction, Lesser Servant of Makhleb, Major
Destruction, Greater Servant of Makhleb


You were on level 12 of the Dungeon.
You worshipped Makhleb.
Makhleb was extremely pleased with you.
You visited 3 branches of the dungeon, and saw 18 of its levels.

You collected 1315 gold pieces.
You spent 960 gold pieces at shops.

Inventory:

Hand Weapons
 a - the +2 Maxwell's thermic engine (weapon) {flame, freeze}
   (You found it on level 1 of the Lair of Beasts)

   It burns those it strikes, dealing additional fire damage.
   Big, fiery blades are also staple armaments of hydra-hunters.
   It freezes those it strikes, dealing additional cold damage.
   It can also slow down cold-blooded creatures.
   It becomes more effective when it hits something.
   This effect fades over time.
 e - a +1 rapier of speed
 s - the +3 falchion of Winter {venom, rCorr}
   (You bought it in a shop on level 3 of the Dungeon)

   It poisons the flesh of those it strikes.
   rCorr:     It protects you from acid and corrosion.
 w - a +1 sling of flaming
Missiles
 p - a throwing net
 q - 26 boomerangs
 E - 35 poisoned darts (quivered)
 G - 6 curare-tipped darts
Armour
 l - a +0 helmet (worn)
 n - a +2 pair of boots (worn)
 F - a +3 leather armour of cold resistance (worn)
 R - a scarf of resistance (worn)
 S - an orb of mayhem (worn)
Jewellery
 t - the ring of Bubyake (left hand) {rPois Str+6}
   (You acquired it on level 1 of the Dungeon)

   [ring of strength]

   Str:       It affects your strength (+6).
   rPois:     It protects you from poison.
 H - a ring of protection from cold
 I - a +6 ring of dexterity (right hand)
 W - the amulet "Odemouw" (around neck) {Contam rPois rF+++ Regen+ Stlth+}
   (You bought it in a shop on level 8 of the Dungeon)

   [amulet of regeneration]

   rF:        It renders you almost immune to fire.
   rPois:     It protects you from poison.
   Contam:    It causes magical contamination when unequipped.
   Regen:     It increases your rate of health regeneration.
   Stlth:     It makes you more stealthy.
 Z - a ring of protection from fire
Wands
 A - a wand of flame (51)
 B - a wand of mindburst (33)
 J - a wand of paralysis (26)
 K - a wand of roots (11)
 Q - a wand of polymorph (11)
Scrolls
 i - 2 scrolls of enchant armour
 j - 3 scrolls of fear
 o - 2 scrolls of immolation
 r - 4 scrolls of fog {unknown}
 u - 4 scrolls of teleportation
 x - a scroll of magic mapping
 y - 2 scrolls of noise {unknown}
 z - 3 scrolls of poison {unknown}
 C - 4 scrolls of enchant weapon {unknown}
 N - a scroll of summoning {unknown}
 P - a scroll of amnesia {unknown}
 T - a scroll of vulnerability {unknown}
 V - 2 scrolls of brand weapon {unknown}
 Y - a scroll of silence {unknown}
Potions
 b - 4 potions of magic
 d - 3 potions of might
 g - 3 potions of haste
 h - 3 potions of flight
 m - 4 potions of berserk rage
 v - 8 potions of lignification
 D - 3 potions of cancellation
 L - a potion of invisibility
 O - 2 potions of curing
 X - a potion of mutation
Miscellaneous
 c - a phantom mirror
 f - a lightning rod (4/4)
 M - a condenser vane (inert)
 U - a phial of floods


   Skills:
 * Level 10.3 Fighting
 + Level 6.4(9.3) Short Blades
 + Level 10.4(11.1) Long Blades
 + Level 3.0 Ranged Weapons
 + Level 6.6 Throwing
 + Level 5.4 Armour
 + Level 5.6 Dodging
 + Level 8.8 Stealth
 + Level 5.9 Shields
 * Level 7.5 Invocations
 * Level 8.1 Evocations


You had 13 spell levels left.
You didn't know any spells.
Your spell library contained the following spells:

 Spells                   Type           Power      Damage    Failure   Level
 Apportation              Tloc           0%         N/A       43%         1
 Magic Dart               Conj           0%         1d3       43%         1
 Necrotise                Necr           0%         1d4       43%         1
 Sting                    Tmut/Pois      0%         1d3       43%         1
 Summon Small Mammal      Summ           0%         N/A       43%         1
 Call Imp                 Summ           0%         N/A       58%         2
 Poisonous Vapours        Pois/Air       0%         N/A       58%         2
 Mephitic Cloud           Conj/Pois/Air  0%         N/A       82%         3
 Ozocubu's Armour         Ice            0%         N/A       82%         3
 Animate Armour           Summ/Erth      0%         N/A       99%         4
 Olgreb's Toxic Radiance  Pois           0%         N/A       99%         4
 Blade Hands              Tmut           0%         N/A       100%        5
 Fireball                 Conj/Fire      0%         3d3       100%        5
 Iskenderun's Battlesphe  Conj           0%         2d6       100%        5
 Metabolic Englaciation   Hex/Ice        0%         N/A       100%        5
 Conjure Ball Lightning   Conj/Air       0%         3x3d6     100%        6
 Iron Shot                Conj/Erth      0%         9d1       100%        6
 Simulacrum               Ice/Necr       0%         N/A       100%        6
 Orb of Destruction       Conj           0%         9d5       100%        7
 Ozocubu's Refrigeration  Ice            0%         4d7       100%        7


Dungeon Overview and Level Annotations

Branches:
Dungeon (12/15)            Temple (1/1) D:7            Lair (5/5) D:10
 Shoals (0/4) Lair:3       Spider (0/4) Lair:3        Slime (0/5) Lair:4
    Orc (0/2) D:12

Altars:
Ashenzari
Elyvilon
Gozag
Hepliaklqana
Kikubaaqudgha
Makhleb
Okawaru
Qazlal
Uskayaw
Jiyva

Shops:
D:3 (   D:8 ?(==   D:10 :

Annotations:
D:12 Nessos
Lair:2 Fannar


Innate Abilities, Weirdness & Mutations

You have razor-sharp teeth.
Your natural rate of healing is unusually fast.
When hurt, damage is shared between your health and your magic reserves.
Your bite disrupts and absorbs the magic of your enemies.
Potions cannot restore your health.


Message History

Nessos is almost dead.
Nessos falters for a moment.
Nessos hits you but does no damage. Nessos misses you.
You closely miss Nessos. You bite Nessos, but do no damage.
Nessos is almost dead.
Nessos falters for a moment.
Nessos closely misses you. Nessos completely misses you.
You hit Nessos. You burn Nessos. You freeze Nessos. Your bite misses Nessos.
Nessos is almost dead.
Nessos completely misses you. Nessos kicks you but does no damage.
Nessos hits you but does no damage. Nessos kicks you.
You completely miss Nessos. You bite Nessos.
Nessos's magic leaks into the air.
You drain their magic.
You feel invigorated.
Nessos is almost dead.
Nessos gestures wildly while chanting.
Nessos blinks!
Nessos wields a +2 longbow of flaming.
It bursts into flame!
Nessos shoots an arrow.
The arrow hits you!
Nessos shoots an arrow.
The arrow hits you!
Nessos shoots an arrow.
The arrow hits you! The arrow burns you.
Nessos's magic is no longer disrupted.
Nessos shoots an arrow.
The arrow hits you! The arrow burns you.
You are poisoned.
Nessos shoots an arrow.
The arrow hits you! The arrow burns you.
Nessos shoots an arrow.
The arrow closely misses you.
You feel very sick.
Nessos gestures wildly while chanting.
Nessos blinks!
Nessos shoots an arrow.
The arrow hits you!
* * * LOW HITPOINT WARNING * * *
The arrow burns you.
* * * LOW HITPOINT WARNING * * *
You feel very sick.
Nessos mumbles some strange words.
Nessos blinks!
Nessos shoots an arrow.
The arrow hits you!
* * * LOW HITPOINT WARNING * * *
You feel sick.
Nessos unwields a +2 longbow of flaming.
It stops flaming.
Nessos hits you!
* * * LOW HITPOINT WARNING * * *
Nessos misses you. Nessos hits you.
You die...

#.....≈~≈...~..~....#
.........~.♣~♣.~..#.#
#.....≈.♣~.~♣.~~###.#
.......~..~♣...~# #.#
###.##.~#~≈~#.~~# #.#
### #.#♣~.#.~## #.#
##.###..# #>#
###.#.###.#
..###@..§# #.#c#####
#.## #.# ###########
#.# ...<....... ..#
########### ###


You could see Nessos (fast).

Vanquished Creatures
  Erolcha (D:10)
  4 catoblepae
  2 two-headed ogres
  9 death yaks
  Lodul (D:12)
  An ugly thing (D:11)
  3 elephants (Lair:4)
  3 manticores
  5 black mambas
  10 cane toads
  Maggie (D:6)
  4 rime drakes
  4 kobold demonologists (D:11)
  14 komodo dragons
  A tengu conjurer (D:12)
  3 trolls
  Prince Ribbit (D:9)
  A polar bear (Lair:4)
  15 blink frogs
  2 dream sheep (Lair:4)
  A snapping turtle (Lair:3)
  2 shadows
  A vampire (D:10)
  51 yaks
  5 wyverns
  3 basilisks
  Eustachio (D:5)
  2 steam dragons
  Menkaure (D:5)
  Edmund (D:6)
  2 acid dragons
  16 water moccasins
  5 orc warriors
  An ice beast (D:8)
  5 sky beasts
  2 black bears (D:6)
  5 centaurs
  6 ogres
  A wolf (D:10)
  2 phantoms (D:6)
  3 kobold brigands
  3 necrophages
  6 bullfrogs
  A gnoll sergeant (D:7)
  9 scorpions
  21 wights
  3 killer bees (D:10)
  3 electric eels
  A howler monkey (D:5)
  2 jellies (D:6)
  6 hounds
  7 orc priests
  A gnoll bouda (D:7)
  6 iguanas
  4 orc wizards
  4 hell rats (Lair:3)
  Robin (D:3)
  15 gnolls
  13 adders
  3 shadow imps
  2 white imps (D:7)
  An ufetubus (D:4)
  3 worms
  36 orcs
  11 endoplasms
  2 giant cockroaches
  16 goblins
  9 hobgoblins
  A jackal (D:4)
  26 kobolds
  A quokka (D:1)
  5 ball pythons
  4 bats
  3 frilled lizards
  6 rats
436 creatures vanquished.

Vanquished Creatures (collateral kills)
  An elephant (Lair:4)
  A komodo dragon (Lair:2)
  2 blink frogs (Lair:2)
  3 dream sheep (Lair:4)
  9 yaks
  An ogre (D:12)
  A scorpion (Lair:3)
  A worm (Lair:3)
  An orc (D:11)
20 creatures vanquished.

Vanquished Creatures (others)
  A death yak (Lair:5)
  An elephant (Lair:4)
  3 yaks
  A giant cockroach (Lair:3)
  A quokka (D:7)
  A kobold (D:11)
  32 fungi
  43 plants
83 creatures vanquished.

Grand Total: 539 creatures vanquished

Notes
Turn   | Place    | Note
-------+----------+-------------------------------------------
     0 | D:1      | Kazon the Vine Stalker Fighter began the quest for the Orb.
     0 | D:1      | Reached XP level 1. HP: 11/11 MP: 2/2
    32 | D:1      | Identified a scroll of acquirement
    32 | D:1      | Acquired the ring of Bubyake {rPois Str+6}
   300 | D:1      | Reached XP level 2. HP: 13/16 MP: 3/3
  1053 | D:2      | Reached XP level 3. HP: 20/20 MP: 4/4
  1490 | D:2      | Gained mutation: Your natural rate of healing is unusually
                  | fast. [Vine Stalker growth]
  1490 | D:2      | Reached XP level 4. HP: 15/24 MP: 2/5
  1660 | D:2      | Reached skill level 1 in Throwing
  1739 | D:3      | Found Umat's Antique Weapon Boutique.
  1767 | D:3      | Bought a crude falchion for 184 gold pieces
  1767 | D:3      | Identified the +3 falchion of Winter {venom, rCorr} (You
                  | bought it in a shop on level 3 of the Dungeon)
  1933 | D:3      | Reached XP level 5. HP: 17/28 MP: 2/6
  2160 | D:3      | Noticed Robin
  2172 | D:3      | Killed Robin
  2310 | D:4      | Reached skill level 5 in Long Blades
  2310 | D:4      | Reached skill level 5 in Stealth
  2310 | D:4      | Reached XP level 6. HP: 35/35 MP: 7/7
  2489 | D:4      | Reached XP level 7. HP: 40/40 MP: 8/8
  2953 | D:4      | Found a hazy altar of Hepliaklqana.
  3301 | D:5      | Entered Level 5 of the Dungeon
  3353 | D:5      | Noticed Eustachio
  3631 | D:5      | Noticed Menkaure
  3643 | D:4      | Reached skill level 1 in Ranged Weapons
  3648 | D:4      | Gained mutation: You have razor-sharp teeth. [Vine Stalker
                  | growth]
  3648 | D:4      | Reached XP level 8. HP: 42/45 MP: 9/9
  3654 | D:5      | Killed Menkaure
  3720 | D:5      | Reached skill level 5 in Shields
  3873 | D:5      | Killed Eustachio
  3874 | D:5      | Reached skill level 1 in Evocations
  4329 | D:5      | Reached XP level 9. HP: 49/49 MP: 10/10
  4569 | D:6      | Noticed Maggie
  4589 | D:6      | Killed Maggie
  4725 | D:6      | Noticed Edmund
  4753 | D:6      | Killed Edmund
  5046 | D:6      | Reached XP level 10. HP: 49/55 MP: 11/11
  5465 | D:7      | Found a hide-covered altar of Uskayaw.
  5513 | D:7      | Found a staircase to the Ecumenical Temple.
  5522 | Temple   | Entered the Ecumenical Temple
  5527 | Temple   | Became a worshipper of Makhleb the Destroyer
  5692 | D:7      | Found a white marble altar of Elyvilon.
  5934 | D:8      | Found Quzidd's Magic Scroll Emporium.
  5939 | D:8      | Bought a scroll of teleportation for 42 gold pieces
  6035 | D:8      | Found Esumer's Weapon Shop.
  6083 | D:8      | Reached skill level 1 in Invocations
  6391 | D:8      | Found Heidghoki's Jewellery Shop.
  6472 | D:8      | Found Zoxtaeshakh's Jewellery Boutique.
  6744 | D:9      | Noticed Prince Ribbit
  6767 | D:9      | Killed Prince Ribbit
  6831 | D:9      | Reached * piety under Makhleb
  7163 | D:9      | Noticed a two-headed ogre
  7177 | D:9      | Killed a two-headed ogre
  7178 | D:9      | Reached skill level 5 in Short Blades
  7178 | D:9      | Reached XP level 11. HP: 18/60 MP: 8/14
  7496 | D:10     | Entered Level 10 of the Dungeon
  7734 | D:10     | Found a staircase to the Lair.
  7955 | D:10     | Reached ** piety under Makhleb
  8006 | D:10     | Noticed Erolcha
  8015 | D:10     | Killed Erolcha
  8028 | D:10     | Identified the +5 long sword of the Land of Plenty {drain,
                  | Dex+3}
  8246 | D:10     | Found Juagoaq's Book Shoppe.
  8762 | D:11     | Noticed a green ugly thing
  8768 | D:11     | Killed a green ugly thing
  8769 | D:11     | Reached skill level 5 in Evocations
  8884 | D:11     | Reached *** piety under Makhleb
  8889 | D:11     | Reached XP level 12. HP: 56/65 MP: 16/16
  9329 | Lair:1   | Entered Level 1 of the Lair of Beasts
  9342 | D:10     | HP: 1/65 [black mamba (5)]
  9687 | Lair:1   | Reached skill level 5 in Dodging
  9825 | Lair:1   | Found the +2 Maxwell's thermic engine {flame, freeze}
 10324 | Lair:2   | Reached skill level 5 in Armour
 10378 | Lair:2   | Noticed a catoblepas
 10382 | Lair:2   | Noticed Fannar
 10637 | Lair:2   | Reached skill level 5 in Invocations
 11009 | Lair:2   | Killed a catoblepas
 11258 | Lair:3   | Reached **** piety under Makhleb
 11282 | Lair:3   | Found a hole to the Spider Nest.
 11343 | Lair:3   | Reached XP level 13. HP: 64/66 MP: 16/18
 11461 | Lair:3   | Reached skill level 5 in Throwing
 11464 | Lair:3   | Found an ancient bone altar of Kikubaaqudgha.
 11715 | Lair:3   | Found a staircase to the Shoals.
 11937 | D:8      | Bought the amulet "Odemouw" {Contam rPois rF+++ Regen+
                  | Stlth+} for 734 gold pieces
 12290 | Lair:4   | Found a staircase to the Slime Pits.
 12290 | Lair:4   | Found a viscous altar of Jiyva.
 12675 | Lair:4   | Identified the +3 battleaxe "Adididghufym" {antimagic, rF+
                  | Will+}
 12818 | Lair:5   | Entered Level 5 of the Lair of Beasts
 12890 | Lair:5   | Reached ***** piety under Makhleb
 13481 | Lair:5   | Reached XP level 14. HP: 54/76 MP: 13/20
 13566 | Lair:5   | Reached skill level 10 in Fighting
 13955 | Lair:5   | Reached skill level 10 in Long Blades
 14411 | D:12     | Found a staircase to the Orcish Mines.
 14506 | D:12     | Noticed Lodul
 14517 | D:12     | Killed Lodul
 14559 | D:12     | Noticed Nessos
 14575 | D:12     | HP: 1/77 [Nessos (6)]
 14575 | D:12     | Slain by Nessos

Illustrated notes

Levels and vault maps discovered:
D:1:      dpeg_arrival_three_smaller_balls, layout_basic
D:2:      layout_loops_ring
D:3:      layout_basic, serial_shops, nicolae_shop_stone, st_stairs_9,
          minmay_misc_feat_doors, eino_curves_03, uniq_robin
D:4:      minmay_wonky_spiral, layout_basic,
          mainiacjoe_overflow_surrounded_room, minivault_5
D:5:      layout_cave_pods, uniq_menkaure, uniq_eustachio
D:6:      cheibrodos_barr_body, layout_basic, minmay_crystal_room,
          minmay_pentangle, uniq_maggie, uniq_edmund
D:7:      layout_cave_pools, nicolae_uskayaw_murder_on_the_dancefloor,
          elyvilon_altar_4, minmay_temple_entry_purple_smoke
D:8:      layout_basic, serial_shops, shop_statue, kennysheep_little_box, shop,
          nicolae_shop_window_shopping
D:9:      layout_cave_pools, uniq_prince_ribbit1
D:10:     layout_stronghold, erik_lair_island, serial_shops,
          nicolae_shop_statue_plus, uniq_erolcha
D:11:     layout_roguey
D:12:     layout_loops_ring, orc_0_dummy, chequers_serial_rivers_marsh,
          uniq_lodul, uniq_nessos, uniq_rupert
Temple:   nicolae_temple_bog_church
Lair:1:   layout_long_grid, fungi_pond_lemuel, cheibrodos_lair_reptile_den
Lair:2:   layout_gridlike, uniq_fannar
Lair:3:   layout_roguey, minmay_shoals_entry_hut,
          nicolae_spider_entry_non_spiders, basic_altar, serial_bayou_crossing
Lair:4:   layout_gridlike, slime_entry_1, serial_rivers,
          chequers_serial_rivers_room_a, chequers_serial_rivers_micro_c,
          chequers_serial_rivers_room_a, chequers_serial_rivers_micro_e,
          minivault_27, grunt_megastairs_3, infiniplex_staircase_pool_2
Lair:5:   evilmike_catoblepas_cave, layout_long_grid

Skill      XL: |  1  2  3  4  5  6  7  8  9 10 11 12 13 14 |
---------------+-------------------------------------------+-----
Long Blades    | 2 3 5 6 7 8 9 10 | 10.4
Fighting       | 3 6 7 8 9 10 | 10.3
Throwing       | 1 3 4 6 |  6.6
Shields        | 3 4 5 |  5.9
Short Blades   | 3 4 5 6 |  6.4
Armour         | 4 5 |  5.4
Dodging        | 3 4 5 |  5.6
Stealth        | 5 6 7 8 |  8.8
Ranged Weapons | 1 2 3 |  3.0
Evocations     | 1 2 4 5 6 7 8 |  8.1
Invocations    | 2 4 5 6 7 |  7.5

Action                   |  1- 3 |  4- 6 |  7- 9 | 10-12 | 13-15 || total
-------------------------+-------+-------+-------+-------+-------++-------
Melee: Long sword        |    72 |       |       |   108 |       ||   180
       Bite              |    18 |    17 |    86 |   280 |   112 ||   513
       Dagger            |     7 |    21 |    43 |    16 |       ||    87
       Falchion          |       |    54 |   124 |   157 |       ||   335
       Rapier            |       |       |    82 |   364 |       ||   446
       Double sword      |       |       |       |    80 |   255 ||   335
 Fire: Sling             |       |     7 |    39 |     6 |       ||    52
Throw: Stone             |     5 |    14 |    22 |    93 |    20 ||   154
       Boomerang         |       |       |       |    12 |     6 ||    18
       Dart              |       |       |       |    23 |    54 ||    77
Invok: Lesser Servant of |       |       |       |     4 |       ||     4
Evoke: Wand              |       |       |     2 |       |       ||     2
       Condenser vane    |       |       |       |     1 |     2 ||     3
  Use: Scroll            |     1 |     5 |     6 |     5 |     3 ||    20
       Potion            |       |     1 |       |     2 |       ||     3
 Stab: Sleeping          |       |       |     6 |    15 |    13 ||    34
       Invisible         |       |       |       |     4 |       ||     4
       Confused          |       |       |       |     3 |       ||     3
       Distracted        |       |       |       |       |     5 ||     5
Armor: Scale mail        |    26 |    39 |    40 |       |       ||   105
       Leather armour    |       |       |    40 |   152 |    40 ||   232
Dodge: Dodged            |    44 |    35 |   160 |   352 |   140 ||   731
Block: Buckler           |    19 |    14 |    65 |    75 |       ||   173
